 Dungeon Crawl Stone Soup version 0.30-a0-802-gb92711bcdf (webtiles) character file.

Game seed: 2752153273601518044

840 Monkooky the Sneak (level 8, -1/57 HPs)
             Began as an Octopode Delver on Feb 24, 2023.
             Slain by an ice beast (3 damage)
             ... on level 6 of the Dungeon.
             The game lasted 00:06:18 (4118 turns).

Monkooky the Sneak (Octopode Delver)                Turns: 4118, Time: 00:06:18

Health: -1/57      AC:  1    Str: 12    XL:     8   Next: 0%
Magic:  8/8        EV: 13    Int: 12    God:
Gold:   120        SH:  0    Dex: 15    Spells: 7/7 levels left

rFire   . . .      SeeInvis .    w - +1 dagger (holy)
rCold   . . .      Faith    .    (no shield)
rNeg    . . .      Spirit   .    (helmet restricted)
rPois   .          Reflect  .    (no amulet)
rElec   .          Harm     .    (no ring)
rCorr   .          Rampage  .    (no ring)
Will    .....                    (no ring)
Stlth   ++++                     (no ring)
HPRegen 0.29/turn                (no ring)
MPRegen 0.11/turn                (no ring)
                                 (no ring)
                                 (no ring)

@: no status effects
A: almost no armour, amphibious, 8 rings, camouflage 1, gelatinous body 1,
(nimble swimmer 1), tentacles
a: no special abilities


You were on level 6 of the Dungeon.
You visited 1 branch of the dungeon, and saw 6 of its levels.

You collected 414 gold pieces.
You spent 294 gold pieces at shops.

Inventory:

Hand Weapons
 a - a +0 short sword
 h - a +0 dagger
 w - a +1 dagger of holy wrath (weapon)
Missiles
 g - 3 poisoned darts (quivered)
 m - 2 curare-tipped darts
 A - a throwing net
Wands
 f - a wand of digging (3)
Scrolls
 b - a scroll of fog
 c - a scroll of magic mapping
 d - 3 scrolls of fear
 i - 2 scrolls of vulnerability {unknown}
 j - a scroll of summoning {unknown}
 o - 7 scrolls of identify {unknown}
 r - a scroll of enchant weapon {unknown}
 u - a scroll of noise {unknown}
 y - 2 scrolls of poison {unknown}
 D - a scroll of enchant armour {unknown}
Potions
 e - 4 potions of haste
 k - 2 potions of brilliance {unknown}
 l - 2 potions of attraction {unknown}
 n - 4 potions of curing
 p - a potion of resistance {unknown}
 q - 2 potions of magic {unknown}
 s - a potion of lignification {unknown}
 t - a potion of invisibility {unknown}
 v - 3 potions of heal wounds
 x - a potion of flight {unknown}
 z - a potion of might
 B - 2 potions of degeneration
 C - a potion of mutation


   Skills:
 + Level 5.8 Fighting
 - Level 2.0(2.9) Short Blades
 - Level 3.2(3.5) Long Blades
 - Level 6.0 Throwing
 - Level 2.0 Dodging
 - Level 6.6 Stealth


You had 7 spell levels left.
You didn't know any spells.
Your spell library contained the following spells:

 Spells                   Type           Power      Damage    Failure   Level
 Lesser Beckoning         Tloc           0%         N/A       45%         2
 Gell's Gravitas          Tloc           0%         N/A       69%         3
 Teleport Other           Tloc           0%         N/A       69%         3


Dungeon Overview and Level Annotations

Branches:
Dungeon (6/15)
 Temple: D:4-7

Altars:
Vehumet
Zin

Shops:
D:4 ![


Innate Abilities, Weirdness & Mutations

You cannot wear most types of armour.
You are amphibious.
You can wear up to eight rings at the same time.
Your skin changes colour to match your surroundings (Stealth+).
Your rubbery body absorbs attacks. (AC +1, EV +1)
((You are camouflaged when in or above water. (Stealth+)))
You have tentacles for arms and can constrict up to eight enemies at once.


Message History

The ice beast hits you. The ice beast freezes you.
You hit the ice beast. Your squeeze misses the ice beast.
The ice beast is moderately wounded.
The ice beast barely misses you.
You hit the ice beast but do no damage. You squeeze the ice beast.
The ice beast is heavily wounded.
The ice beast completely misses you.
You hit the ice beast. You squeeze the ice beast.
The ice beast is severely wounded.
The ice beast closely misses you.
You hit the ice beast but do no damage.
The ice beast is severely wounded.
You hit the ice beast but do no damage.
The ice beast is severely wounded.
The ice beast hits you. The ice beast freezes you!
You hit the ice beast but do no damage. Your squeeze misses the ice beast.
The ice beast is severely wounded.
The ice beast closely misses you.
You hit the ice beast but do no damage.
The ice beast is severely wounded.
The ice beast hits you. The ice beast freezes you!
* * * LOW HITPOINT WARNING * * *
Throw: 2 darts (curare)
Press: ? - help, Shift-Dir - straight line, f - ice beast
Aim: an ice beast (severely wounded, 64% to hit)
Okay, then.
Unknown command.
You closely miss the ice beast. You squeeze the ice beast.
The ice beast is almost dead.
The ice beast hits you.
* * * LOW HITPOINT WARNING * * *
The ice beast freezes you!
* * * LOW HITPOINT WARNING * * *
You barely miss the ice beast. Your squeeze misses the ice beast.
The ice beast is almost dead.
The ice beast closely misses you.
You hit the ice beast but do no damage.
The ice beast is almost dead.
The ice beast hits you.
You die...

#########
#..<....#
#.#####.#
#<# #@# #.#
#Y# #.. ...
.... ...#.
...##...#.#
#...#....#
.
#........#
#.
#.#.......
..


You could see an ice beast.

Vanquished Creatures
  Sigmund (D:4)
  A water moccasin (D:5)
  An ogre (D:5)
  A black bear (D:4)
  3 hounds
  3 jellies
  2 iguanas (D:5)
  6 adders
  An ufetubus (D:5)
  A worm (D:3)
  4 dart slugs (D:1)
  9 orcs
  7 endoplasms
  A giant cockroach (D:2)
  14 hobgoblins
  4 jackals (D:1)
  9 kobolds
  2 ball pythons
  4 bats
  4 frilled lizards
  4 goblins
  4 rats
86 creatures vanquished.

Vanquished Creatures (others)
  2 plants (D:4)
2 creatures vanquished.

Grand Total: 88 creatures vanquished

Notes
Turn   | Place    | Note
-------+----------+-------------------------------------------
     0 | D:5      | Monkooky the Octopode Delver began the quest for the Orb.
     0 | D:5      | Reached XP level 1. HP: 16/16 MP: 1/1
    35 | D:5      | Noticed a jelly
   108 | D:3      | Reached skill level 1 in Long Blades
   139 | D:3      | Reached XP level 2. HP: 18/21 MP: 2/2
   276 | D:2      | Reached XP level 3. HP: 18/26 MP: 3/3
   727 | D:1      | Reached skill level 1 in Throwing
   727 | D:1      | Reached XP level 4. HP: 31/31 MP: 4/4
  1354 | D:2      | Found a faded altar of an unknown god.
  1362 | D:2      | Prayed at the altar of an unknown god.
  1362 | D:2      | Became a worshipper of Vehumet
  1362 | D:2      | Reached * piety under Vehumet
  1362 | D:2      | Offered knowledge of Foxfire by Vehumet.
  1442 | D:2      | Fell from the grace of Vehumet
  2436 | D:3      | Reached XP level 5. HP: 36/36 MP: 5/5
  2618 | D:4      | Found a radiant altar of Vehumet.
  2749 | D:4      | Found Kereqe's Antique Armour Emporium.
  2859 | D:4      | Found a glowing silver altar of Zin.
  2879 | D:4      | Noticed a black bear
  2903 | D:4      | Killed a black bear
  2904 | D:4      | Reached XP level 6. HP: 3/42 MP: 6/6
  3171 | D:4      | Found Ranekh's Distillery.
  3177 | D:4      | Bought a potion of heal wounds for 70 gold pieces
  3177 | D:4      | Bought a potion of might for 56 gold pieces
  3177 | D:4      | Bought a potion of curing for 42 gold pieces
  3177 | D:4      | Bought a potion of degeneration for 14 gold pieces
  3177 | D:4      | Bought a potion of mutation for 112 gold pieces
  3333 | D:4      | Noticed Sigmund
  3337 | D:4      | Killed Sigmund
  3338 | D:4      | Reached skill level 5 in Throwing
  3483 | D:5      | Reached XP level 7. HP: 46/46 MP: 7/7
  4053 | D:5      | Reached skill level 5 in Fighting
  4104 | D:6      | Reached XP level 8. HP: 57/57 MP: 8/8
  4116 | D:6      | HP: 1/57 [ice beast (10)]
  4118 | D:6      | Slain by an ice beast

Illustrated notes

Levels and vault maps discovered:
D:1:      dpeg_arrival_connections, layout_basic
D:2:      layout_basic, ebering_ecumenical_altar_abandoned
D:3:      layout_rooms, chequers_serial_rivers_micro_a
D:4:      layout_cave_pools, mainiacjoe_overflow_paths, amcnicky_altar_gilded,
          serial_shops, kennysheep_mini_moat, kennysheep_mini,
          serial_bayou_crossing, uniq_sigmund
D:5:      layout_cave_pools, hangedman_decor_diamond_cutter,
          ebering_dispersal_statue_hall, hangedman_abyss_or_decor_lesser_grid
D:6:      layout_loops_corners, mainiacjoe_overflow_concentric_impassable

Skill      XL: |  1  2  3  4  5  6  7 |
---------------+----------------------+-----
Long Blades    | 1 2 3 |  3.2
Throwing       | 1 2 4 6 |  6.0
Fighting       | 5 |  5.8
Short Blades   | |  2.0
Dodging        | |  2.0
Stealth        | |  6.6

Action                     |  1- 3 |  4- 6 |  7- 9 || total
---------------------------+-------+-------+-------++-------
  Melee: Dagger            |    82 |    84 |    35 ||   201
         Constrict         |    15 |    20 |     4 ||    39
         Tentacles         |     9 |    22 |    11 ||    42
         Punch             |       |     1 |     1 ||     2
  Throw: Dart              |     2 |     3 |     1 ||     6
 Invoke: Renounce Religion |       |     1 |       ||     1
  Evoke: Wand              |       |     1 |       ||     1
    Use: Potion            |       |     1 |       ||     1
   Stab: Sleeping          |     9 |    13 |     6 ||    28
 Armour: Skin              |     8 |     7 |       ||    15
  Dodge: Dodged            |    44 |    52 |    19 ||   115

Table legend: (Time is in decaauts)
 A = Elapsed time spent in this place.
 B = Non-inter-level travel time spent in this place.
 C = Inter-level travel time spent in this place.
 D = Time resting spent in this place.
 E = Time spent auto-exploring this place.
 F = Levels seen in this place.
 G = Mean time per level.
                   A        B        C        D        E       F      G
               +--------+--------+--------+--------+--------+-----+--------+
         Total |   4080 |   3963 |    117 |    110 |   3143 |   6 |  680.0 |
       Dungeon |   4080 |   3963 |    117 |    110 |   3143 |   6 |  680.0 |
               +--------+--------+--------+--------+--------+-----+--------+

Top non-repeatable levels by time:
     D:2: 1045 daAuts
     D:1: 888 daAuts
     D:4: 880 daAuts
     D:5: 662 daAuts
     D:3: 582 daAuts
     D:6: 21 daAuts
